 Dungeon Crawl Stone Soup version 0.30.1-3-gfc49f6343a (webtiles) character file.

Game seed: 12603168048139574225

25981 Kranky the Grappler (level 12, -3/123 HPs)
             Began as a Troll Fighter on July 18, 2023.
             Slain by a ten-headed hydra (9 damage)
             ... on level 2 of the Lair of Beasts.
             The game lasted 00:34:15 (13098 turns).

Kranky the Grappler (Troll Fighter)                Turns: 13098, Time: 00:34:17

Health: -3/123     AC:  7    Str: 32    XL:     12   Next: 94%
Magic:  16/16      EV: 10    Int:  9    God:
Gold:   1229       SH: 16    Dex:  9    Spells: 12/18 levels left

rFire   . .          .
                       - Unarmed
rCold   + . .        F - +2 tower shield
rNeg    . . .        K - +2 robe of the Equinox {rElec rPois Str+3}
rPois   +            w - +0 hat
rElec   +            y - +0 cloak
rCorr   .            (gloves unavailable)
SInv    .            (boots unavailable)
Will    .....        T - amulet of the acrobat
Stlth   +            O - ring "Viwuerubb" {rPois rC+ Int+3}
HPRegen 1.20/turn    s - +4 ring of slaying
MPRegen 0.15/turn

%: acrobat
@: no status effects
A: large, unfitting armour, claws 3, regeneration 1, shaggy fur 1, tough skin 1
a: no special abilities


You were on level 2 of the Lair of Beasts.
You visited 3 branches of the dungeon, and saw 15 of its levels.
You also visited: Bailey.

You collected 1416 gold pieces.
You spent 187 gold pieces at shops.

Inventory:

Hand Weapons
 z - the +2 hammer of Gifupuc {protect, Str+4}
   (You found it on level 4 of the Dungeon)

   Str:       It affects your strength (+4).
 L - the +1 war axe of Ancient Evil {flame, Will++ Str+3 Int+3 Stlth+}
   (You took it off a wizard on level 9 of the Dungeon)

   Str:       It affects your strength (+3).
   Int:       It affects your intelligence (+3).
   Will:      It greatly increases your willpower.
   Stlth:     It makes you more stealthy.
Missiles
 q - 4 throwing nets
 u - 15 boomerangs (quivered)
Armour
 a - a +0 robe
 b - a +0 kite shield
 w - a +0 hat (worn)
 y - a +0 cloak (worn)
 F - a +2 tower shield (worn)
 G - +1 steam dragon scales
 K - the +2 robe of the Equinox (worn) {rElec rPois Str+3}
   (You found it on level 9 of the Dungeon)

   Str:       It affects your strength (+3).
   rElec:     It insulates you from electricity.
   rPois:     It protects you from poison.
Jewellery
 e - a +6 ring of dexterity
 s - a +4 ring of slaying (right claw)
 C - a ring of ice
 H - a +6 ring of intelligence
 J - the ring of Kymoekh {Int+6 Slay+3 Stlth+}
   (You found it on level 9 of the Dungeon)

   [ring of intelligence]

   Int:       It affects your intelligence (+6).
   Slay:      It affects your accuracy & damage with ranged weapons and melee
   (+3).
   Stlth:     It makes you more stealthy.
 O - the ring "Viwuerubb" (left claw) {rPois rC+ Int+3}
   (You found it on level 10 of the Dungeon)

   [ring of protection from cold]

   Int:       It affects your intelligence (+3).
   rC:        It protects you from cold.
   rPois:     It protects you from poison.
 Q - a ring of flight
 T - an amulet of the acrobat (around neck)
Wands
 p - a wand of polymorph (5)
 r - a wand of paralysis (17)
 I - a wand of iceblast (5)
 U - a wand of quicksilver (5)
Scrolls
 f - 5 scrolls of fog
 g - 3 scrolls of enchant armour
 i - 2 scrolls of enchant weapon
 l - 3 scrolls of identify
 m - a scroll of noise
 M - 2 scrolls of fear
 P - a scroll of acquirement {unknown}
 R - 2 scrolls of teleportation {unknown}
 S - a scroll of brand weapon {unknown}
 V - a scroll of magic mapping
 W - a scroll of amnesia
Potions
 c - 3 potions of might
 d - 4 potions of heal wounds
 h - a potion of degeneration
 j - 3 potions of lignification
 k - 3 potions of attraction
 n - a potion of invisibility
 o - 3 potions of curing
 t - 2 potions of berserk rage
 v - 2 potions of cancellation
 x - 3 potions of haste
 A - 3 potions of magic
 B - 4 potions of flight
 D - a potion of brilliance
 E - 5 potions of mutation
 X - a potion of resistance {unknown}
Miscellaneous
 N - a phantom mirror


   Skills:
 + Level 9.0 Fighting
 + Level 9.0 Dodging
 + Level 9.8 Shields
 + Level 10.5 Unarmed Combat
 + Level 3.9 Spellcasting
 + Level 3.1 Transmutations
 + Level 3.7 Earth Magic


You had 12 spell levels left.
You knew the following spells:

 Your Spells              Type           Power      Damage    Failure   Level
a - Statue Form           Tmut/Erth      5%         N/A       100%        6

Your spell library contained the following spells:

 Spells                   Type           Power      Damage    Failure   Level
 Stone Arrow              Conj/Erth      10%        3d7       71%         3
 Cigotuvi's Dreadful Rot  Necr/Pois/Air  2%         N/A       75%         2
 Ignite Poison            Fire/Tmut/Pois 3%         N/A       82%         3
 Portal Projectile        Hex/Tloc       2%         N/A       92%         3
 Leda's Liquefaction      Hex/Erth       2%         N/A       98%         4
 Lee's Rapid Deconstruct  Erth           4%         3d5*      99%         5
 Cause Fear               Hex            0%         N/A       100%        4
 Manifold Assault         Tloc           1%         N/A       100%        4
 Freezing Cloud           Conj/Ice/Air   0%         6-21      100%        5
 Dispersal                Tloc           0%         N/A       100%        6
 Disjunction              Tloc           0%         N/A       100%        8


Dungeon Overview and Level Annotations

Branches:
Dungeon (12/15)            Temple (1/1) D:7            Lair (2/5) D:9
    Orc (0/2) D:9          Bailey (visited)
  Swamp: Lair:2-3    Shoals: Lair:2-3     Snake: Lair:2-3    Spider: Lair:2-3

Altars:
Ashenzari
Cheibriados
Dithmenos
Elyvilon
Fedhas
Gozag
Hepliaklqana
Kikubaaqudgha
Makhleb
Nemelex Xobeh
Okawaru
Qazlal
Ru
Sif Muna
Trog
Uskayaw
Vehumet
Wu Jian
Xom
Yredelemnul
Zin
The Shining One

Shops:
D:2 (   D:5 *   D:6 *?([   D:8 [

Annotations:
D:9 4 transporters


Innate Abilities, Weirdness & Mutations

You are too large for most types of armour.
You have claws for hands.
Your natural rate of healing is unusually fast.
You are covered in fur. (AC +1)
You have tough skin. (AC +1)


Message History

The water moccasin bites you.
You mangle the water moccasin!!
You kill the water moccasin!
You see here a water moccasin corpse.
You tear one of the seven-headed hydra's heads off!
The six-headed hydra grows two more!
You scratch the eight-headed hydra.
The eight-headed hydra is lightly wounded.
The eight-headed hydra bites you. The eight-headed hydra bites you! x2
You block the eight-headed hydra's attack. x2
The eight-headed hydra closely misses you.
The eight-headed hydra bites you!
The eight-headed hydra closely misses you.
You tear one of the eight-headed hydra's heads off!
The seven-headed hydra grows two more!
You claw the nine-headed hydra!
The nine-headed hydra is lightly wounded.
The nine-headed hydra bites you.
The nine-headed hydra completely misses you.
The nine-headed hydra bites you. x2
You block the nine-headed hydra's attack.
The nine-headed hydra closely misses you.
You block the nine-headed hydra's attack.
The nine-headed hydra barely misses you.
The nine-headed hydra bites you but does no damage.
You rip one of the nine-headed hydra's heads off!
The eight-headed hydra grows two more!
You scratch the ten-headed hydra.
The ten-headed hydra is lightly wounded.
The ten-headed hydra bites you but does no damage.
You block the ten-headed hydra's attack. x3
The ten-headed hydra bites you! x3; The ten-headed hydra bites you.
The ten-headed hydra bites you!
* * * LOW HITPOINT WARNING * * *
The ten-headed hydra bites you!
* * * LOW HITPOINT WARNING * * *
You scratch the ten-headed hydra.
The ten-headed hydra is lightly wounded.
The ten-headed hydra bites you!
* * * LOW HITPOINT WARNING * * *
You block the ten-headed hydra's attack.
The ten-headed hydra bites you!
You die...

#~~~≈≈≈≈≈≈~.#
##)~≈≈~~~≈≈~.## #
#..~≈≈.<~≈≈~~~# #.
#..~~~~~~≈≈≈~P# ...
##.~~~~≈≈≈≈~.## ....
##.~≈≈≈≈≈≈~~.P# .....
###...~~≈~~~~~###
......##........~.~..~#
......D@................
......###..........P.###
..... ###.........##
.... #........## ..+
###.##.### . ## .#


You could see a ten-headed hydra.

Vanquished Creatures
  Gastronok (D:8)
  Harold (D:9)
  Erolcha (D:9)
  2 two-headed ogres
  A skeletal warrior (D:9)
  A wizard (D:9)
  Pikel (D:6)
  An obsidian statue (D:9)
  2 deep elf pyromancers (D:9)
  A wolf spider (D:9)
  A cyclops (D:11)
  A manticore (D:11)
  Maurice (D:10)
  3 elephants (Lair:1)
  A black mamba (Lair:1)
  A torpor snail (Lair:1)
  5 orange demons
  3 cane toads (Lair:1)
  Maggie (D:6)
  Psyche (D:9)
  2 komodo dragons
  2 kobold demonologists
  An unseen horror (D:11)
  2 red devils
  A polar bear (Lair:2)
  5 trolls
  3 wraiths
  2 vampires
  17 yaks
  5 wyverns
  A golden eye (shapeshifter) (D:9)
  The ghost of Gorgoleon the Slasher, an amateur MfGl (D:3)
  A steam dragon (D:7)
  Menkaure (D:5)
  3 water moccasins
  Edmund (D:4)
  An acid dragon (D:11)
  9 orc warriors
  2 sky beasts
  A black bear (D:5)
  2 centaurs (D:9)
  A phantom (D:5)
  A lemure (D:6)
  4 kobold brigands
  7 bullfrogs
  A gnoll sergeant (D:12)
  4 scorpions
  A water moccasin zombie (D:3)
  11 wights
  15 killer bees
  An electric eel (Lair:1)
  10 howler monkeys
  A centaur zombie (D:3)
  A bullfrog zombie (D:3)
  8 orc priests
  3 jellies
  Crazy Yiuf (D:4)
  2 gnoll boudas
  4 hounds
  6 iguanas
  3 sleepcaps
  19 orc wizards
  24 gnolls
  10 adders
  2 shadow imps
  A white imp (D:8)
  2 ufetubi
  2 worms
  6 dart slugs
  70 orcs
  4 bats
  3 endoplasms
  4 giant cockroaches
  10 goblins
  9 hobgoblins
  10 jackals (D:3)
  6 quokkas
  10 ball pythons
  3 frilled lizards
  25 kobolds
  5 rats
403 creatures vanquished.

Notes
Turn   | Place    | Note
-------+----------+-------------------------------------------
     0 | D:1      | Kranky the Troll Fighter began the quest for the Orb.
     0 | D:1      | Reached XP level 1. HP: 22/22 MP: 0/0
   228 | D:1      | Reached XP level 2. HP: 29/29 MP: 1/1
   690 | D:1      | Reached XP level 3. HP: 36/36 MP: 2/2
   948 | D:2      | Found a faded altar of an unknown god.
  1229 | D:2      | Reached XP level 4. HP: 44/44 MP: 3/3
  1287 | D:2      | Found Ukuxez's Antique Weapon Shoppe.
  1519 | D:3      | Found a runed translucent gate.
  1520 | D:3      | Found a runed translucent gate.
  1521 | D:3      | Found a runed translucent gate.
  1689 | D:3      | Reached skill level 3 in Unarmed Combat
  1701 | D:3      | Reached XP level 5. HP: 53/53 MP: 4/4
  1885 | D:3      | Reached XP level 6. HP: 61/61 MP: 5/5
  2285 | D:3      | Reached skill level 4 in Unarmed Combat
  2355 | D:3      | Reached XP level 7. HP: 40/68 MP: 6/6
  2444 | D:3      | Noticed Gorgoleon's ghost (amateur MfGl)
  2906 | D:3      | Killed Gorgoleon's ghost
  3020 | D:4      | Noticed Edmund
  3036 | D:4      | Killed Edmund
  3062 | D:4      | Reached skill level 5 in Shields
  3062 | D:4      | Reached XP level 8. HP: 76/79 MP: 7/7
  3088 | D:4      | Reached skill level 5 in Unarmed Combat
  3677 | D:4      | Found a runed translucent door.
  3678 | D:4      | Noticed Crazy Yiuf
  3686 | D:4      | Killed Crazy Yiuf
  3689 | D:4      | Identified the +2 hammer of Gifupuc {protect, Str+4}
  3861 | D:5      | Entered Level 5 of the Dungeon
  3892 | D:5      | Noticed Menkaure
  3897 | D:5      | Killed Menkaure
  3898 | D:5      | Reached skill level 5 in Fighting
  3898 | D:5      | Reached skill level 5 in Dodging
  4106 | D:5      | Reached skill level 6 in Unarmed Combat
  4248 | D:5      | Found Veino's Fire Supplies.
  4436 | D:6      | Noticed Pikel
  4467 | D:6      | Killed Pikel
  4468 | D:6      | Reached XP level 9. HP: 54/89 MP: 8/8
  4507 | D:6      | Found a hide-covered altar of Uskayaw.
  4627 | D:6      | Found Husadan's Assorted Antiques.
  4781 | D:6      | Found Ysideomo's Magic Scroll Emporium.
  4803 | D:6      | Noticed Maggie
  4936 | D:6      | Killed Maggie
  4937 | D:6      | Reached skill level 7 in Unarmed Combat
  5159 | D:6      | Found Moagof's Antique Weapon Boutique.
  5209 | D:6      | Found Eweonob's Antique Armour Boutique.
  5523 | D:7      | Found a sacrificial altar of Ru.
  5525 | D:7      | Found a basalt altar of Yredelemnul.
  5527 | D:7      | Found a hazy altar of Hepliaklqana.
  5530 | D:7      | Found a glowing golden altar of the Shining One.
  5726 | D:7      | Found a staircase to the Ecumenical Temple.
  5747 | D:7      | Found an opulent altar of Gozag.
  5822 | D:7      | Reached XP level 10. HP: 85/100 MP: 9/9
  5967 | D:7      | Found a flagged portal.
  5976 | Bailey   | Entered a bailey
  7147 | Temple   | Entered the Ecumenical Temple
  7430 | D:8      | Noticed Gastronok
  7450 | D:8      | Killed Gastronok
  7451 | D:8      | Reached skill level 8 in Unarmed Combat
  7590 | D:8      | Found Weipsa's Antique Armour Emporium.
  7601 | D:8      | Bought a runed tower shield for 187 gold pieces
  8068 | D:8      | Noticed an orange demon
  8342 | D:8      | Reached skill level 1 in Spellcasting
  8448 | D:8      | Learned a level 6 spell: Statue Form
  8480 | D:9      | Found a transporter.
  8569 | D:9      | Found a transporter.
  8572 | D:9      | Found a transporter.
  8581 | D:9      | Noticed Erolcha
  8590 | D:9      | Killed Erolcha
  8662 | D:9      | Noticed an obsidian statue
  8701 | D:9      | Found a transporter.
  8769 | D:9      | Noticed a deep elf pyromancer
  8773 | D:9      | Killed a deep elf pyromancer
  8774 | D:9      | Reached XP level 11. HP: 96/109 MP: 10/12
  8894 | D:9      | Killed an obsidian statue
  8896 | D:9      | Got the Secrets of Fateful Scree
  8904 | D:9      | Identified the ring of Kymoekh {Int+6 Slay+3 Stlth+}
  8906 | D:9      | Identified the +2 robe of the Equinox {rElec rPois Str+3}
  8948 | D:9      | Found a staircase to the Lair.
  8961 | D:9      | Found a staircase to the Orcish Mines.
  8985 | D:9      | Reached skill level 9 in Unarmed Combat
  8990 | D:9      | Noticed a wolf spider
  9000 | D:9      | Killed a wolf spider
  9135 | D:9      | Identified the +1 war axe of Ancient Evil {flame, Will++
                  | Str+3 Int+3 Stlth+}
  9135 | D:9      | Noticed a wizard
  9139 | D:9      | Killed a wizard
  9272 | D:9      | Noticed a two-headed ogre
  9276 | D:9      | Killed a two-headed ogre
  9277 | D:9      | Noticed a deep elf pyromancer
  9280 | D:9      | Killed a deep elf pyromancer
  9291 | D:9      | Noticed a skeletal warrior
  9299 | D:9      | Killed a skeletal warrior
  9527 | D:9      | Noticed Harold
  9537 | D:9      | Killed Harold
  9865 | D:10     | Entered Level 10 of the Dungeon
  9865 | D:10     | Noticed Psyche
 10026 | D:9      | Killed Psyche
 10027 | D:9      | Reached skill level 1 in Earth Magic
 10121 | D:10     | Identified the ring "Viwuerubb" {rPois rC+ Int+3}
 10205 | D:10     | Noticed Maurice
 10227 | D:10     | Paralysed by something for 2 turns
 10238 | D:10     | Killed Maurice
 10239 | D:10     | Reached skill level 1 in Transmutations
 10351 | D:9      | Reached XP level 12. HP: 16/122 MP: 15/15
 11132 | D:11     | Found an iron altar of Okawaru.
 11436 | D:11     | Reached skill level 10 in Unarmed Combat
 11860 | D:12     | Noticed a two-headed ogre
 11876 | D:12     | Killed a two-headed ogre
 12270 | Lair:1   | Entered Level 1 of the Lair of Beasts
 13089 | Lair:2   | Noticed a seven-headed hydra
 13098 | Lair:2   | HP: 6/123 [ten-headed hydra (10)]
 13098 | Lair:2   | Slain by a ten-headed hydra

Illustrated notes

Levels and vault maps discovered:
D:1:      dpeg_arrival_morbid_curiosity, layout_loops_ring
D:2:      layout_basic, serial_shops, shop, shapermc_ecumenical_altar_gd
D:3:      lemuel_castle_with_subvaults [lemuel_castle_interior_original],
          layout_loops_ring, gammafunk_ghost_necromancy, kennysheep_boxes
D:4:      layout_loops_ring, uniq_edmund, uniq_crazy_yiuf_cottage
D:5:      layout_rooms, nicolae_shop_fire_sale [nicolae_sub_dead_trees],
          uniq_menkaure
D:6:      layout_basic, nicolae_uskayaw_dance_hall, serial_shops, shop,
          nicolae_shop_window_shopping,
          nicolae_shop_temple_entry_statues_fountains, shop,
          roderic_cross_of_infinity, uniq_pikel, uniq_maggie
D:7:      layout_layer_cave, mainiacjoe_overflow_alcove_3,
          mainiacjoe_overflow_catwalk, lemuel_temple_firewalk_a, enter_bailey_8,
          grunt_tough_drop
D:8:      layout_loops_ring, nicolae_stop_n_shop_2, uniq_gastronok
D:9:      minmay_chopped_fan, layout_loops_ring, lair_entry_dummy, orc_0_dummy,
          minivault_15, minmay_statues_item, nicolae_transporter_circle,
          uniq_harold, uniq_erolcha
D:10:     layout_stronghold, minmay_beelzebubs_servants, uniq_maurice,
          uniq_psyche
D:11:     layout_roguey, okawaru_metal_pillars_3
D:12:     layout_big_octagon
Temple:   minmay_temple_bridge_d
Lair:1:   layout_regular_city, st_stairs_10, nicolae_quartered_pool_little,
          serial_bayou_shore_b
Lair:2:   layout_roguey, infiniplex_staircase_pool_2

Skill      XL: |  1  2  3  4  5  6  7  8  9 10 11 12 |
---------------+-------------------------------------+-----
Shields        | 3 4 5 6 7 8 9 |  9.8
Dodging        | 3 4 5 6 7 8 9 |  9.0
Fighting       | 3 4 5 6 7 8 9 |  9.0
Unarmed Combat | 3 4 6 7 8 9 10 | 10.5
Spellcasting   | 1 3 |  3.9
Earth Magic    | 1 3 |  3.7
Transmutations | 1 3 |  3.1

Action                     |  1- 3 |  4- 6 |  7- 9 | 10-12 || total
---------------------------+-------+-------+-------+-------++-------
  Melee: Unarmed           |    73 |   214 |   343 |   672 ||  1302
  Throw: Boomerang         |       |       |       |     1 ||     1
    Use: Scroll            |       |       |    16 |     5 ||    21
         Potion            |       |       |       |     2 ||     2
   Stab: Sleeping          |       |     1 |     2 |     2 ||     5
         Distracted        |       |       |       |     3 ||     3
 Armour: Robe              |    18 |    48 |    41 |    92 ||   199
         Steam dragon scal |       |       |    24 |    58 ||    82
         Skin              |       |       |       |     4 ||     4
  Dodge: Dodged            |    27 |    89 |    99 |   175 ||   390
  Block: Kite shield       |    29 |   128 |   123 |    54 ||   334
         Tower shield      |       |       |       |   456 ||   456
